Stars vs Islanders

Created - November 16, 2016 at 17:49

Goals
1 2 3 T
Stars 2 1 0 3
Islanders 2 0 2 4
Shots
1 2 3 T
Stars 7 8 12 27
Islanders 15 15 10 40

1st period

1. Islanders , Colin Wilson 7 (Pierre-Alexandr Parenteau, Andy Greene) at 5:52
2. Stars , Kris Letang 2 (Sidney Crosby, Nikita Kucherov) at 7:24 (PP)
3. Islanders , Patrick Sharp 10 (Shane Doan, Niklas Hjalmarsson) at 9:59
4. Stars , Olli Maatta 2 (Kris Letang) at 14:44

Penalties :
Brandon Davidson (NYI) for Hooking (Minor) at 6:46, Ryan Callahan (DAL) for Hooking (Minor) at 18:45

2nd period

5. Stars , John Mitchell 6 (Patrik Elias) at 5:29

Penalties :
Colin Wilson (NYI) for Delaying the game (Minor) at 3:12, Mark Stuart (DAL) for Tripping (Minor) at 6:28, Mark Stuart (DAL) for High sticking (Minor) at 8:55, Jonathan Huberdeau (DAL) for Interference (Minor) at 9:24, Shawn Horcoff (NYI) for Holding (Minor) at 13:50

3rd period

6. Islanders , Patrick Sharp 11 (Josh Manson, Niklas Hjalmarsson) at 6:57
7. Islanders , Shane Doan 3 (Luca Sbisa) at 15:48 (PP)

Penalties :
Shane Doan (NYI) for Interference (Minor) at 10:27, David Backes (DAL) for Hooking (Minor) at 10:27, Josh Manson (NYI) for Roughing (Minor) at 13:00, Cody McLeod (DAL) for Hooking (Minor) at 15:11

Goalie Stats

Jonathan Quick (DAL), 36 saves from 40 shots - (0.900), L, 8-8-0, 59:18 minutes
Braden Holtby (NYI), 24 saves from 27 shots - (0.889), W, 7-7-2, 60:00 minutes

Players Stats for Stars

Player Name              G  A  P  +/- PIM S  H  SB GA TA FO     MP     PP MP  PK MP  
------------------------------------------------------------------------------------
Adam Pardy               0  0  0   0  0   1  0  4  0  0  0/0    11:31   0:00   0:00 
Brandon Manning          0  0  0   0  0   0  0  0  0  0  0/0     0:00   0:00   0:00 
Clayton Stoner           0  0  0   0  0   0  0  0  0  0  0/0     0:00   0:00   0:00 
Cody McLeod              0  0  0   1  2   0  7  0  0  0  0/0    13:15   0:00   0:00 
David Backes             0  0  0  -1  2   4  1  0  0  0  17/35  23:04   2:33   3:50 
Duncan Keith             0  0  0  -2  0   1  0  1  0  0  0/0    25:50   2:33   3:48 
Evgeni Malkin            0  0  0  -1  0   5  0  0  0  0  0/1    19:32   4:02   0:00 
John Mitchell            1  0  1   1  0   3  0  0  0  0  14/27  16:11   0:00   2:55 
Jonathan Huberdeau       0  0  0   0  2   2  0  0  0  0  0/1    21:36   2:33   3:14 
Kris Letang              1  1  2   1  0   1  2  2  0  0  0/0    22:39   4:02   3:15 
Mark Stuart              0  0  0   0  4   1  2  1  0  0  0/0    11:29   0:00   0:00 
Nikita Kucherov          0  1  1  -2  0   3  3  0  0  0  1/3    21:40   4:02   0:00 
Olli Maatta              1  0  1   1  0   1  1  0  0  0  0/0    21:29   4:02   3:15 
Patrik Elias             0  1  1   1  0   2  0  0  0  0  0/0    14:31   0:00   0:26 
Rob Scuderi              0  0  0   0  0   0  0  0  0  0  0/0     0:00   0:00   0:00 
Ryan Callahan            0  0  0  -1  2   2  0  0  0  0  1/2    21:08   2:33   2:10 
Sidney Crosby            0  1  1  -1  0   1  0  0  0  0  14/28  19:37   4:02   0:00 
Zdeno Chara              0  0  0  -2  0   0  3  1  0  0  0/0    25:50   2:33   3:48 

Players Stats for Islanders

Player Name              G  A  P  +/- PIM S  H  SB GA TA FO     MP     PP MP  PK MP  
------------------------------------------------------------------------------------
Andy Greene              0  1  1  -1  0   2  2  1  0  0  0/0    22:54   2:56   3:11 
Brandon Davidson         0  0  0  -1  2   0  1  0  0  0  0/0    21:18   2:56   2:52 
Chris Neil               0  0  0   0  0   0  1  0  0  0  2/4     3:24   0:00   0:00 
Colin Wilson             1  0  1   0  2   5  1  0  0  0  1/1    16:01   1:46   0:00 
David Legwand            0  0  0   0  0   0  0  0  0  0  0/1     5:43   0:00   1:00 
Josh Jooris              0  0  0   0  0   2  0  0  0  0  0/0    13:07   0:00   0:03 
Josh Manson              0  1  1   2  2   3  2  0  0  0  0/0    21:24   4:07   0:00 
Luca Sbisa               0  1  1   0  0   2  1  1  0  0  0/0    17:52   4:07   3:11 
Marek Zidlicky           0  0  0   0  0   0  0  0  0  0  0/0     0:00   0:00   0:00 
Mark Fayne               0  0  0   0  0   0  0  2  0  0  0/0    13:06   0:00   0:49 
Max McCormick            0  0  0   0  0   2  1  0  0  0  0/0    12:38   0:00   0:00 
Nate Thompson            0  0  0   0  0   1  1  0  0  0  13/29  18:01   1:46   2:31 
Niklas Hjalmarsson       0  2  2   2  0   0  0  2  0  0  0/0    23:24   0:00   3:07 
Patrick Sharp            2  0  2   2  0   4  0  0  0  0  1/2    25:53   5:17   4:01 
Pierre-Alexandr Parentea 0  1  1  -1  0   4  0  0  0  0  0/0    17:10   1:46   0:00 
Shane Doan               1  1  2   1  2   6  8  0  0  0  0/0    21:29   5:17   2:34 
Shawn Horcoff            0  0  0   0  2   2  1  0  0  0  16/26  18:02   0:00   3:01 
Tyler Bozak              0  0  0   1  0   7  0  0  0  0  17/34  19:55   5:17   0:00 

3 Stars

1 - Patrick Sharp (NYI)
2 - Shane Doan (NYI)
3 - Kris Letang (DAL)

Power Play

Stars - 1 on 4 Attempt(s) - 25.00%
Islanders - 1 on 5 Attempt(s) - 20.00%

Penalty Kill

Stars - 4 on 5 Attempt(s) - 80.00% - Score 0 goal in Penalty Kill
Islanders - 3 on 4 Attempt(s) - 75.00% - Score 0 goal in Penalty Kill

Team Stat

Stars - Hits : 19 - Faceoff Wins : 47 - Blocked Shots : 9 - Penalty Minutes : 12
Islanders - Hits : 19 - Faceoff Wins : 50 - Blocked Shots : 6 - Penalty Minutes : 10

Official

Referees : Dennis LaRue and Ghislain Hebert
Linesman : Darren Gibbs and Brad Kovachik

Game Notes

No Game Note

Finance

Level 1 -- Attendance: 5832 (97.20%) -- Ticket Income $659,016
Level 2 -- Attendance: 4389 (87.78%) -- Ticket Income $342,342
Level 3 -- Attendance: 2000 (100.00%) -- Ticket Income $144,000
Level 4 -- Attendance: 1795 (100.00%) -- Ticket Income $91,545
Luxury Box -- Attendance: 928 (92.80%) -- Ticket Income $163,328
Game was played at the Barclays Center.
Total Attendance: 14944 (94.61%)
Total Ticket Income: $1,400,231
Other Income: $210,035
Total Income: $1,610,266

% Time on Ice - Stars

Lines # - Real PCT - Wanted PCT - Time Play
Normal Forward
1 - 33% - 35% - 14:41
2 - 30% - 35% - 13:22
3 - 29% - 20% - 13:00
4 - 7% - 10% - 3:04
Normal Defense
1 - 38% - 40% - 16:57
2 - 32% - 35% - 13:56
3 - 26% - 15% - 11:31
4 - 4% - 10% - 1:43
PP Forward
1 - 61% - 50% - 4:02
2 - 39% - 50% - 2:33
PP Defense
1 - 39% - 50% - 2:33
2 - 61% - 50% - 4:02
PK Forward
1 - 47% - 50% - 2:38
2 - 53% - 50% - 2:55
PK Defense
1 - 56% - 50% - 3:05
2 - 44% - 50% - 2:28
PK3 Forward
1 - 48% - 50% - 0:43
2 - 52% - 50% - 0:47
PK3 Defense
1 - 48% - 50% - 0:43
2 - 52% - 50% - 0:47
44 Forward
1 - 41% - 50% - 0:49
2 - 59% - 50% - 1:10
44 Defense
1 - 41% - 50% - 0:49
2 - 59% - 50% - 1:10
Last Minute Offensive  - 0:16
Last Minute Defensive  - 0:00
Total
Forward - 60:00
Defense - 60:00

% Time on Ice - Islanders

Lines # - Real PCT - Wanted PCT - Time Play
Normal Forward
1 - 31% - 36% - 13:19
2 - 33% - 32% - 14:16
3 - 29% - 20% - 12:38
4 - 8% - 12% - 3:24
Normal Defense
1 - 36% - 37% - 15:49
2 - 36% - 35% - 15:31
3 - 23% - 20% - 9:54
4 - 5% - 8% - 2:23
PP Forward
1 - 75% - 60% - 5:17
2 - 25% - 40% - 1:46
PP Defense
1 - 58% - 60% - 4:07
2 - 42% - 40% - 2:56
PK Forward
1 - 62% - 55% - 4:04
2 - 38% - 45% - 2:31
PK Defense
1 - 52% - 55% - 3:24
2 - 48% - 45% - 3:11
PK3 Forward
1 - 0% - 60%
2 - 0% - 40%
PK3 Defense
1 - 0% - 60%
2 - 0% - 40%
44 Forward
1 - 100% - 60% - 1:59
2 - 0% - 40% - 0:00
44 Defense
1 - 66% - 60% - 1:19
2 - 34% - 40% - 0:40
Last Minute Offensive  - 0:00
Last Minute Defensive  - 0:46
Total
Forward - 60:00
Defense - 60:00

Play by Play

1st period


0:01 of 1st period - Sidney Crosby wins face-off versus Tyler Bozak in neutral zone.
0:06 of 1st period - Shot by Evgeni Malkin.
0:06 of 1st period - Stopped by Braden Holtby without a rebound.
0:07 of 1st period - Shawn Horcoff wins face-off versus David Backes in Islanders zone.
0:32 of 1st period - Icing by Andy Greene.
0:33 of 1st period - John Mitchell wins face-off versus Shawn Horcoff in Islanders zone.
0:43 of 1st period - Icing by Andy Greene.
0:44 of 1st period - Shawn Horcoff wins face-off versus Sidney Crosby in Islanders zone.
2:40 of 1st period - Shot by David Backes.
2:40 of 1st period - Stopped by Braden Holtby without a rebound.
2:41 of 1st period - Nate Thompson wins face-off versus David Backes in Islanders zone.
2:54 of 1st period - Shot by Luca Sbisa.
2:54 of 1st period - Stopped by Jonathan Quick without a rebound.
2:55 of 1st period - Nate Thompson wins face-off versus Sidney Crosby in Stars zone.
3:23 of 1st period - Icing by Sidney Crosby.
3:24 of 1st period - Nikita Kucherov wins face-off versus Chris Neil in Stars zone.
3:24 of 1st period - Nikita Kucherov is hit by Chris Neil.
3:32 of 1st period - Niklas Hjalmarsson is hit by Nikita Kucherov and loses puck.
4:34 of 1st period - Icing by Niklas Hjalmarsson.
4:35 of 1st period - Chris Neil wins face-off versus John Mitchell in Islanders zone.
4:35 of 1st period - Chris Neil is hit by Cody McLeod.
4:38 of 1st period - Niklas Hjalmarsson is hit by Cody McLeod and loses puck.
4:42 of 1st period - Josh Manson is hit by Zdeno Chara and loses puck.
5:10 of 1st period - Icing by Nate Thompson.
5:11 of 1st period - Nate Thompson wins face-off versus Sidney Crosby in Islanders zone.
5:11 of 1st period - Nate Thompson is hit by Nikita Kucherov.
5:34 of 1st period - Icing by Max McCormick.
5:35 of 1st period - David Backes wins face-off versus Nate Thompson in Islanders zone.
5:36 of 1st period - Shot by Jonathan Huberdeau.
5:36 of 1st period - Stopped by Braden Holtby without a rebound.
5:37 of 1st period - David Backes wins face-off versus Shawn Horcoff in Islanders zone.
5:44 of 1st period - Shot by Colin Wilson.
5:44 of 1st period - Stopped by Jonathan Quick without a rebound.
5:45 of 1st period - Shawn Horcoff wins face-off versus Nikita Kucherov in Stars zone.
5:52 of 1st period - Shot by Pierre-Alexandr Parenteau.
5:52 of 1st period - Deflect By Colin Wilson.
5:52 of 1st period - The goal is going for a video replay.
5:52 of 1st period - The goal is good.
5:52 of 1st period - Goal by Colin Wilson - Stars : 0 - Islanders : 1.
5:53 of 1st period - Patrick Sharp wins face-off versus David Backes in neutral zone.
6:00 of 1st period - Icing by Duncan Keith.
6:01 of 1st period - Tyler Bozak wins face-off versus Ryan Callahan in Stars zone.
6:04 of 1st period - Shot by Tyler Bozak.
6:04 of 1st period - Stopped by Jonathan Quick with a rebound.
6:06 of 1st period - Shot by Tyler Bozak.
6:06 of 1st period - Deflect By Shane Doan.
6:06 of 1st period - Shot Misses the Net.
6:08 of 1st period - Shot by Niklas Hjalmarsson.
6:08 of 1st period - Shot Misses the Net.
6:10 of 1st period - Shot by Patrick Sharp.
6:10 of 1st period - Stopped by Jonathan Quick without a rebound.
6:11 of 1st period - Tyler Bozak wins face-off versus Jonathan Huberdeau in Stars zone.
6:15 of 1st period - Icing by Duncan Keith.
6:16 of 1st period - Tyler Bozak wins face-off versus David Backes in Stars zone.
6:35 of 1st period - Shot by Shane Doan.
6:35 of 1st period - Deflect By Tyler Bozak.
6:35 of 1st period - Stopped by Jonathan Quick without a rebound.
6:36 of 1st period - Shawn Horcoff wins face-off versus Sidney Crosby in Stars zone.
6:46 of 1st period - Minor Penalty to Brandon Davidson for Hooking.
6:47 of 1st period - Shawn Horcoff wins face-off versus David Backes in Islanders zone.
6:56 of 1st period - Shot by Duncan Keith.
6:56 of 1st period - Stopped by Braden Holtby without a rebound.
6:57 of 1st period - Sidney Crosby wins face-off versus Shawn Horcoff in Islanders zone.
7:24 of 1st period - Shot by Kris Letang.
7:24 of 1st period - Goal by Kris Letang - Stars : 1 - Islanders : 1.
7:25 of 1st period - David Backes wins face-off versus Nate Thompson in neutral zone.
7:42 of 1st period - Shot by Josh Jooris.
7:42 of 1st period - Stopped by Jonathan Quick without a rebound.
7:43 of 1st period - Sidney Crosby wins face-off versus Tyler Bozak in Stars zone.
7:54 of 1st period - Shot by Sidney Crosby.
7:54 of 1st period - Stopped by Braden Holtby without a rebound.
7:55 of 1st period - Shawn Horcoff wins face-off versus David Backes in Islanders zone.
7:55 of 1st period - Brandon Davidson is hit by David Backes and loses puck.
8:34 of 1st period - Shot by Shawn Horcoff.
8:34 of 1st period - Deflect By Pierre-Alexandr Parenteau.
8:34 of 1st period - Shot Misses the Net.
8:36 of 1st period - Shot by Andy Greene.
8:36 of 1st period - Shot Blocked by Zdeno Chara.
8:54 of 1st period - Shot by Shane Doan.
8:54 of 1st period - Stopped by Jonathan Quick without a rebound.
8:55 of 1st period - Sidney Crosby wins face-off versus Nate Thompson in Stars zone.
9:09 of 1st period - Shot by Nikita Kucherov.
9:09 of 1st period - Shot Blocked by Luca Sbisa.
9:27 of 1st period - Shot by Nikita Kucherov.
9:27 of 1st period - Shot Blocked by Mark Fayne.
9:59 of 1st period - Shot by Shane Doan.
9:59 of 1st period - Deflect By Patrick Sharp.
9:59 of 1st period - Goal by Patrick Sharp - Stars : 1 - Islanders : 2.
10:00 of 1st period - Tyler Bozak wins face-off versus John Mitchell in neutral zone.
10:25 of 1st period - Shot by Josh Manson.
10:25 of 1st period - Shot Hit the Post.
10:55 of 1st period - Icing by Patrik Elias.
10:56 of 1st period - John Mitchell wins face-off versus Shawn Horcoff in Stars zone.
11:11 of 1st period - Pierre-Alexandr Parenteau is hit by Cody McLeod and loses puck.
11:46 of 1st period - Shot by Kris Letang.
11:46 of 1st period - Shot Misses the Net.
12:34 of 1st period - Shot by Max McCormick.
12:34 of 1st period - Shot Hit the Post.
13:31 of 1st period - Tyler Bozak is hit by Zdeno Chara and loses puck.
14:29 of 1st period - Kris Letang is hit by Andy Greene and loses puck.
14:33 of 1st period - Patrik Elias is hit by Brandon Davidson and loses puck.
14:44 of 1st period - Shot by Olli Maatta.
14:44 of 1st period - Goal by Olli Maatta - Stars : 2 - Islanders : 2.
14:45 of 1st period - Sidney Crosby wins face-off versus Nate Thompson in neutral zone.
14:53 of 1st period - Shot by Max McCormick.
14:53 of 1st period - Shot Misses the Net.
14:55 of 1st period - Shot by Nate Thompson.
14:55 of 1st period - Stopped by Jonathan Quick with a rebound.
14:57 of 1st period - Shot by Luca Sbisa.
14:57 of 1st period - Stopped by Jonathan Quick without a rebound.
14:58 of 1st period - Tyler Bozak wins face-off versus John Mitchell in Stars zone.
15:13 of 1st period - Shot by Tyler Bozak.
15:13 of 1st period - Stopped by Jonathan Quick without a rebound.
15:14 of 1st period - Nate Thompson wins face-off versus Nikita Kucherov in Stars zone.
15:24 of 1st period - Off-side.
15:25 of 1st period - Tyler Bozak wins face-off versus John Mitchell in neutral zone.
15:54 of 1st period - Shot by Tyler Bozak.
15:54 of 1st period - Shot Blocked by Kris Letang.
16:19 of 1st period - David Backes is hit by Shane Doan and loses puck.
16:23 of 1st period - Duncan Keith is hit by Shane Doan and loses puck.
16:43 of 1st period - Shot by David Backes.
16:43 of 1st period - Shot Blocked by Niklas Hjalmarsson.
16:54 of 1st period - Off-side.
16:55 of 1st period - Shawn Horcoff wins face-off versus Sidney Crosby in neutral zone.
17:15 of 1st period - Pierre-Alexandr Parenteau is hit by Mark Stuart and loses puck.
17:18 of 1st period - Shot by Shawn Horcoff.
17:18 of 1st period - Shot Blocked by Mark Stuart.
17:32 of 1st period - Shot by Pierre-Alexandr Parenteau.
17:32 of 1st period - Stopped by Jonathan Quick without a rebound.
17:33 of 1st period - Nate Thompson wins face-off versus John Mitchell in Stars zone.
17:33 of 1st period - Nate Thompson is hit by Olli Maatta.
18:08 of 1st period - Shot by Max McCormick.
18:08 of 1st period - Stopped by Jonathan Quick without a rebound.
18:09 of 1st period - Shawn Horcoff wins face-off versus David Backes in Stars zone.
18:15 of 1st period - Colin Wilson is hit by Zdeno Chara.
18:29 of 1st period - Shot by Colin Wilson.
18:29 of 1st period - Deflect By Shawn Horcoff.
18:29 of 1st period - Stopped by Jonathan Quick with a rebound.
18:45 of 1st period - Minor Penalty to Ryan Callahan for Hooking.
18:46 of 1st period - John Mitchell wins face-off versus Tyler Bozak in Stars zone.
19:28 of 1st period - Icing by Luca Sbisa.
19:29 of 1st period - Tyler Bozak wins face-off versus John Mitchell in Islanders zone.
Goals for this period are 2 for Stars vs 2 for Islanders.
Shots for this period are 7 for Stars vs 15 for Islanders.

2nd period


0:01 of 2nd period - John Mitchell wins face-off versus Tyler Bozak in neutral zone.
0:51 of 2nd period - Niklas Hjalmarsson is hit by Kris Letang and loses puck.
1:50 of 2nd period - Shot by Josh Jooris.
1:50 of 2nd period - Stopped by Jonathan Quick without a rebound.
1:51 of 2nd period - David Backes wins face-off versus Chris Neil in Stars zone.
1:57 of 2nd period - Off-side.
1:58 of 2nd period - David Backes wins face-off versus Tyler Bozak in neutral zone.
1:58 of 2nd period - Duncan Keith is hit by Shane Doan and loses puck.
2:02 of 2nd period - Zdeno Chara is hit by Shane Doan and loses puck.
2:15 of 2nd period - Shot by Ryan Callahan.
2:15 of 2nd period - Stopped by Braden Holtby with a rebound.
2:25 of 2nd period - Shot by David Backes.
2:25 of 2nd period - Stopped by Braden Holtby without a rebound.
2:26 of 2nd period - Shawn Horcoff wins face-off versus John Mitchell in Islanders zone.
2:26 of 2nd period - Shawn Horcoff is hit by Cody McLeod.
2:29 of 2nd period - Niklas Hjalmarsson is hit by Cody McLeod and loses puck.
2:33 of 2nd period - Off-side.
2:34 of 2nd period - Shawn Horcoff wins face-off versus Sidney Crosby in neutral zone.
2:36 of 2nd period - Off-side.
2:37 of 2nd period - Tyler Bozak wins face-off versus David Backes in neutral zone.
2:40 of 2nd period - Shot by Patrick Sharp.
2:40 of 2nd period - Shot Hit the Post.
2:44 of 2nd period - Shot by Tyler Bozak.
2:44 of 2nd period - Shot Misses the Net.
3:09 of 2nd period - Shot by David Backes.
3:09 of 2nd period - Stopped by Braden Holtby without a rebound.
3:10 of 2nd period - Shawn Horcoff wins face-off versus Sidney Crosby in Islanders zone.
3:12 of 2nd period - Minor Penalty to Colin Wilson for Delaying the game.
3:13 of 2nd period - Shawn Horcoff wins face-off versus Sidney Crosby in Islanders zone.
3:30 of 2nd period - Shot by Sidney Crosby.
3:30 of 2nd period - Deflect By Evgeni Malkin.
3:30 of 2nd period - Shot Blocked by Niklas Hjalmarsson.
5:07 of 2nd period - Off-side.
5:08 of 2nd period - Nate Thompson wins face-off versus David Backes in neutral zone.
5:20 of 2nd period - Shot by Cody McLeod.
5:20 of 2nd period - Shot Blocked by Mark Fayne.
5:22 of 2nd period - Shot by Adam Pardy.
5:22 of 2nd period - Shot Misses the Net.
5:24 of 2nd period - Shot by Patrik Elias.
5:24 of 2nd period - Stopped by Braden Holtby without a rebound.
5:25 of 2nd period - John Mitchell wins face-off versus Shawn Horcoff in Islanders zone.
5:25 of 2nd period - John Mitchell is hit by Andy Greene.
5:29 of 2nd period - Shot by John Mitchell.
5:29 of 2nd period - Goal by John Mitchell - Stars : 3 - Islanders : 2.
5:30 of 2nd period - Nate Thompson wins face-off versus John Mitchell in neutral zone.
6:28 of 2nd period - Minor Penalty to Mark Stuart for Tripping.
6:29 of 2nd period - David Backes wins face-off versus Tyler Bozak in Stars zone.
6:29 of 2nd period - David Backes is hit by Shane Doan.
6:43 of 2nd period - Shot by Shane Doan.
6:43 of 2nd period - Stopped by Jonathan Quick without a rebound.
6:44 of 2nd period - Nate Thompson wins face-off versus David Backes in Stars zone.
6:51 of 2nd period - Shot by Pierre-Alexandr Parenteau.
6:51 of 2nd period - Stopped by Jonathan Quick without a rebound.
6:52 of 2nd period - Tyler Bozak wins face-off versus John Mitchell in Stars zone.
6:59 of 2nd period - Shot by Patrick Sharp.
6:59 of 2nd period - Shot Misses the Net.
7:27 of 2nd period - Shot by Tyler Bozak.
7:27 of 2nd period - Stopped by Jonathan Quick without a rebound.
7:28 of 2nd period - David Backes wins face-off versus Nate Thompson in Stars zone.
7:51 of 2nd period - Shot by Colin Wilson.
7:51 of 2nd period - Shot Misses the Net.
7:53 of 2nd period - Shot by Colin Wilson.
7:53 of 2nd period - Stopped by Jonathan Quick without a rebound.
7:54 of 2nd period - David Backes wins face-off versus Tyler Bozak in Stars zone.
8:00 of 2nd period - Icing by Shane Doan.
8:01 of 2nd period - Tyler Bozak wins face-off versus David Backes in Islanders zone.
8:33 of 2nd period - Shot by Josh Manson.
8:33 of 2nd period - Stopped by Jonathan Quick with a rebound.
8:38 of 2nd period - Icing by Adam Pardy.
8:39 of 2nd period - Nate Thompson wins face-off versus Sidney Crosby in Stars zone.
8:42 of 2nd period - Shot by Max McCormick.
8:42 of 2nd period - Shot Blocked by Adam Pardy.
8:44 of 2nd period - Shot by Nate Thompson.
8:44 of 2nd period - Shot Blocked by Adam Pardy.
8:55 of 2nd period - Minor Penalty to Mark Stuart for High sticking.
8:56 of 2nd period - John Mitchell wins face-off versus Tyler Bozak in Stars zone.
9:05 of 2nd period - Shot by Tyler Bozak.
9:05 of 2nd period - Shot Misses the Net.
9:13 of 2nd period - Shot by Shane Doan.
9:13 of 2nd period - Stopped by Jonathan Quick without a rebound.
9:14 of 2nd period - Nate Thompson wins face-off versus David Backes in Stars zone.
9:15 of 2nd period - Shot by Pierre-Alexandr Parenteau.
9:15 of 2nd period - Shot Misses the Net.
9:17 of 2nd period - Shot by Josh Manson.
9:17 of 2nd period - Stopped by Jonathan Quick without a rebound.
9:18 of 2nd period - John Mitchell wins face-off versus Tyler Bozak in Stars zone.
9:24 of 2nd period - Minor Penalty to Jonathan Huberdeau for Interference.
9:25 of 2nd period - Tyler Bozak wins face-off versus David Backes in Stars zone.
9:30 of 2nd period - Shot by Patrick Sharp.
9:30 of 2nd period - Shot Misses the Net.
9:32 of 2nd period - Shot by Luca Sbisa.
9:32 of 2nd period - Shot Misses the Net.
9:34 of 2nd period - Shot by Josh Manson.
9:34 of 2nd period - Shot Misses the Net.
9:36 of 2nd period - Shot by Shane Doan.
9:36 of 2nd period - Stopped by Jonathan Quick without a rebound.
9:37 of 2nd period - Ryan Callahan wins face-off versus Nate Thompson in Stars zone.
10:37 of 2nd period - Shot by Ryan Callahan.
10:37 of 2nd period - Shot Misses the Net.
10:51 of 2nd period - Shot by Shane Doan.
10:51 of 2nd period - Deflect By Tyler Bozak.
10:51 of 2nd period - Stopped by Jonathan Quick without a rebound.
10:52 of 2nd period - Tyler Bozak wins face-off versus David Backes in Stars zone.
10:55 of 2nd period - Shot by Patrick Sharp.
10:55 of 2nd period - Shot Misses the Net.
10:57 of 2nd period - Shot by Patrick Sharp.
10:57 of 2nd period - Shot Misses the Net.
10:59 of 2nd period - Shot by Andy Greene.
10:59 of 2nd period - Stopped by Jonathan Quick without a rebound.
11:00 of 2nd period - Nate Thompson wins face-off versus John Mitchell in Stars zone.
11:05 of 2nd period - Shot by Josh Manson.
11:05 of 2nd period - Stopped by Jonathan Quick without a rebound.
11:06 of 2nd period - Tyler Bozak wins face-off versus John Mitchell in Stars zone.
11:54 of 2nd period - Shot by Evgeni Malkin.
11:54 of 2nd period - Shot Misses the Net.
11:56 of 2nd period - Shot by Kris Letang.
11:56 of 2nd period - Shot Misses the Net.
11:58 of 2nd period - Shot by Kris Letang.
11:58 of 2nd period - Deflect By Evgeni Malkin.
11:58 of 2nd period - Stopped by Braden Holtby without a rebound.
11:59 of 2nd period - David Backes wins face-off versus Tyler Bozak in Islanders zone.
12:41 of 2nd period - Icing by Brandon Davidson.
12:42 of 2nd period - Tyler Bozak wins face-off versus Sidney Crosby in Islanders zone.
12:42 of 2nd period - Tyler Bozak is hit by Nikita Kucherov.
12:49 of 2nd period - Tyler Bozak is hit by Kris Letang and loses puck.
12:56 of 2nd period - Shot by Nikita Kucherov.
12:56 of 2nd period - Stopped by Braden Holtby without a rebound.
12:57 of 2nd period - Shawn Horcoff wins face-off versus John Mitchell in Islanders zone.
12:57 of 2nd period - Shawn Horcoff is hit by Cody McLeod.
13:12 of 2nd period - Shot by Shawn Horcoff.
13:12 of 2nd period - Shot Blocked by Adam Pardy.
13:25 of 2nd period - Patrik Elias is hit by Josh Manson and loses puck.
13:29 of 2nd period - Icing by Niklas Hjalmarsson.
13:30 of 2nd period - David Backes wins face-off versus Shawn Horcoff in Islanders zone.
13:33 of 2nd period - Shot by Ryan Callahan.
13:33 of 2nd period - Shot Misses the Net.
13:50 of 2nd period - Minor Penalty to Shawn Horcoff for Holding.
13:51 of 2nd period - Sidney Crosby wins face-off versus Nate Thompson in Islanders zone.
14:36 of 2nd period - Shot by Olli Maatta.
14:36 of 2nd period - Shot Misses the Net.
15:24 of 2nd period - Shot by Jonathan Huberdeau.
15:24 of 2nd period - Stopped by Braden Holtby without a rebound.
15:25 of 2nd period - Sidney Crosby wins face-off versus David Legwand in Islanders zone.
15:58 of 2nd period - Shot by Patrik Elias.
15:58 of 2nd period - Shot Misses the Net.
16:03 of 2nd period - Off-side.
16:04 of 2nd period - David Backes wins face-off versus Nate Thompson in neutral zone.
17:20 of 2nd period - Shot by Pierre-Alexandr Parenteau.
17:20 of 2nd period - Stopped by Jonathan Quick without a rebound.
17:21 of 2nd period - Sidney Crosby wins face-off versus Patrick Sharp in Stars zone.
17:21 of 2nd period - Nikita Kucherov is hit by Shane Doan and loses puck.
17:56 of 2nd period - Shot by Tyler Bozak.
17:56 of 2nd period - Shot Misses the Net.
18:27 of 2nd period - Niklas Hjalmarsson is hit by Mark Stuart and loses puck.
18:32 of 2nd period - Shot by Max McCormick.
18:32 of 2nd period - Stopped by Jonathan Quick without a rebound.
18:33 of 2nd period - Shawn Horcoff wins face-off versus John Mitchell in Stars zone.
18:36 of 2nd period - Shot by Colin Wilson.
18:36 of 2nd period - Stopped by Jonathan Quick without a rebound.
18:37 of 2nd period - John Mitchell wins face-off versus Shawn Horcoff in Stars zone.
19:11 of 2nd period - Zdeno Chara is hit by Colin Wilson and loses puck.
19:21 of 2nd period - Icing by Zdeno Chara.
19:22 of 2nd period - John Mitchell wins face-off versus Tyler Bozak in Stars zone.
19:27 of 2nd period - Zdeno Chara is hit by Shane Doan and loses puck.
19:39 of 2nd period - Icing by Duncan Keith.
19:40 of 2nd period - John Mitchell wins face-off versus Nate Thompson in Stars zone.
Goals for this period are 1 for Stars vs 0 for Islanders.
Shots for this period are 8 for Stars vs 15 for Islanders.

3rd period


0:01 of 3rd period - David Backes wins face-off versus Tyler Bozak in neutral zone.
0:20 of 3rd period - Shot by Tyler Bozak.
0:20 of 3rd period - Stopped by Jonathan Quick with a rebound.
1:16 of 3rd period - Shot by Andy Greene.
1:16 of 3rd period - Shot Blocked by Duncan Keith.
1:18 of 3rd period - Shot by Andy Greene.
1:18 of 3rd period - Shot Misses the Net.
2:50 of 3rd period - Shot by Patrick Sharp.
2:50 of 3rd period - Shot Blocked by Adam Pardy.
2:52 of 3rd period - Shot by Niklas Hjalmarsson.
2:52 of 3rd period - Shot Misses the Net.
3:27 of 3rd period - Shot by Pierre-Alexandr Parenteau.
3:27 of 3rd period - Stopped by Jonathan Quick without a rebound.
3:28 of 3rd period - Sidney Crosby wins face-off versus Tyler Bozak in Stars zone.
3:35 of 3rd period - Sidney Crosby is hit by Shane Doan and loses puck.
3:56 of 3rd period - Shot by Evgeni Malkin.
3:56 of 3rd period - Stopped by Braden Holtby without a rebound.
3:57 of 3rd period - David Backes wins face-off versus Shawn Horcoff in Islanders zone.
4:35 of 3rd period - Ryan Callahan is hit by Shawn Horcoff and loses puck.
4:47 of 3rd period - Icing by Kris Letang.
4:48 of 3rd period - David Backes wins face-off versus Nate Thompson in Stars zone.
4:48 of 3rd period - David Backes is hit by Nate Thompson.
5:16 of 3rd period - Shot by Sidney Crosby.
5:16 of 3rd period - Shot Misses the Net.
5:55 of 3rd period - Shot by Shane Doan.
5:55 of 3rd period - Shot Hit the Post.
6:08 of 3rd period - Shot by John Mitchell.
6:08 of 3rd period - Shot Misses the Net.
6:10 of 3rd period - Shot by Patrik Elias.
6:10 of 3rd period - Shot Misses the Net.
6:12 of 3rd period - Shot by Cody McLeod.
6:12 of 3rd period - Shot Misses the Net.
6:17 of 3rd period - Patrik Elias is hit by Luca Sbisa and loses puck.
6:22 of 3rd period - Shot by John Mitchell.
6:22 of 3rd period - Stopped by Braden Holtby without a rebound.
6:23 of 3rd period - Colin Wilson wins face-off versus David Backes in Islanders zone.
6:38 of 3rd period - Shot by Pierre-Alexandr Parenteau.
6:38 of 3rd period - Shot Misses the Net.
6:49 of 3rd period - Shot by Shawn Horcoff.
6:49 of 3rd period - Shot Misses the Net.
6:51 of 3rd period - Shot by Pierre-Alexandr Parenteau.
6:51 of 3rd period - Deflect By Colin Wilson.
6:51 of 3rd period - Stopped by Jonathan Quick without a rebound.
6:52 of 3rd period - Chris Neil wins face-off versus Sidney Crosby in Stars zone.
6:57 of 3rd period - Shot by Patrick Sharp.
6:57 of 3rd period - Goal by Patrick Sharp - Stars : 3 - Islanders : 3.
6:58 of 3rd period - Nate Thompson wins face-off versus Sidney Crosby in neutral zone.
7:21 of 3rd period - Duncan Keith is hit by Max McCormick and loses puck.
7:46 of 3rd period - Icing by Zdeno Chara.
7:47 of 3rd period - Sidney Crosby wins face-off versus Tyler Bozak in Stars zone.
8:06 of 3rd period - Shot by Shane Doan.
8:06 of 3rd period - Shot Misses the Net.
8:08 of 3rd period - Shot by Shane Doan.
8:08 of 3rd period - Shot Hit the Post.
8:10 of 3rd period - Shot by Shane Doan.
8:10 of 3rd period - Shot Misses the Net.
8:12 of 3rd period - Shot by Andy Greene.
8:12 of 3rd period - Stopped by Jonathan Quick without a rebound.
8:13 of 3rd period - David Backes wins face-off versus Shawn Horcoff in Stars zone.
8:28 of 3rd period - Icing by Mark Fayne.
8:29 of 3rd period - John Mitchell wins face-off versus Shawn Horcoff in Islanders zone.
8:30 of 3rd period - Shot by Adam Pardy.
8:30 of 3rd period - Stopped by Braden Holtby with a rebound.
8:55 of 3rd period - Shot by John Mitchell.
8:55 of 3rd period - Stopped by Braden Holtby with a rebound.
8:57 of 3rd period - Shot by Mark Stuart.
8:57 of 3rd period - Stopped by Braden Holtby without a rebound.
8:58 of 3rd period - David Backes wins face-off versus Tyler Bozak in Islanders zone.
9:33 of 3rd period - Shot by Tyler Bozak.
9:33 of 3rd period - Stopped by Jonathan Quick without a rebound.
9:34 of 3rd period - Nate Thompson wins face-off versus Evgeni Malkin in Stars zone.
10:17 of 3rd period - Shot by Nikita Kucherov.
10:17 of 3rd period - Stopped by Braden Holtby without a rebound.
10:18 of 3rd period - David Backes wins face-off versus Tyler Bozak in Islanders zone.
10:27 of 3rd period - Minor Penalty to Shane Doan for Interference.
10:27 of 3rd period - Minor Penalty to David Backes for Hooking.
10:28 of 3rd period - Sidney Crosby wins face-off versus Nate Thompson in neutral zone.
11:44 of 3rd period - Shot by Evgeni Malkin.
11:44 of 3rd period - Stopped by Braden Holtby with a rebound.
11:50 of 3rd period - Shot by Evgeni Malkin.
11:50 of 3rd period - Shot Blocked by Andy Greene.
11:52 of 3rd period - Shot by Duncan Keith.
11:52 of 3rd period - Shot Misses the Net.
11:54 of 3rd period - Shot by Zdeno Chara.
11:54 of 3rd period - Shot Misses the Net.
11:56 of 3rd period - Shot by Patrik Elias.
11:56 of 3rd period - Stopped by Braden Holtby with a rebound.
11:58 of 3rd period - Shot by Zdeno Chara.
11:58 of 3rd period - Deflect By Evgeni Malkin.
11:58 of 3rd period - Shot Misses the Net.
12:06 of 3rd period - Shot by Evgeni Malkin.
12:06 of 3rd period - Stopped by Braden Holtby with a rebound.
12:18 of 3rd period - Andy Greene is hit by Cody McLeod and loses puck.
12:31 of 3rd period - Shot by David Backes.
12:31 of 3rd period - Stopped by Braden Holtby with a rebound.
12:53 of 3rd period - Shot by Ryan Callahan.
12:53 of 3rd period - Shot Misses the Net.
12:55 of 3rd period - Shot by David Backes.
12:55 of 3rd period - Shot Misses the Net.
12:57 of 3rd period - Shot by David Backes.
12:57 of 3rd period - Deflect By Nikita Kucherov.
12:57 of 3rd period - Stopped by Braden Holtby without a rebound.
12:58 of 3rd period - John Mitchell wins face-off versus Nate Thompson in Islanders zone.
12:59 of 3rd period - Shot by Patrik Elias.
12:59 of 3rd period - Shot Misses the Net.
13:00 of 3rd period - Minor Penalty to Josh Manson for Roughing.
13:01 of 3rd period - Shawn Horcoff wins face-off versus David Backes in Islanders zone.
13:16 of 3rd period - Shot by Ryan Callahan.
13:16 of 3rd period - Stopped by Braden Holtby without a rebound.
13:17 of 3rd period - Shawn Horcoff wins face-off versus Sidney Crosby in Islanders zone.
13:30 of 3rd period - Shot by Kris Letang.
13:30 of 3rd period - Shot Misses the Net.
14:11 of 3rd period - Icing by Olli Maatta.
14:12 of 3rd period - Sidney Crosby wins face-off versus Nate Thompson in Stars zone.
14:58 of 3rd period - Shot by Ryan Callahan.
14:58 of 3rd period - Shot Misses the Net.
15:03 of 3rd period - Patrik Elias is hit by Josh Manson and loses puck.
15:11 of 3rd period - Minor Penalty to Cody McLeod for Hooking.
15:12 of 3rd period - John Mitchell wins face-off versus Tyler Bozak in Stars zone.
15:48 of 3rd period - Shot by Shane Doan.
15:48 of 3rd period - Goal by Shane Doan - Stars : 3 - Islanders : 4.
15:49 of 3rd period - John Mitchell wins face-off versus Nate Thompson in neutral zone.
16:51 of 3rd period - Icing by Nikita Kucherov.
16:52 of 3rd period - Tyler Bozak wins face-off versus Sidney Crosby in Stars zone.
16:55 of 3rd period - Shot by Patrick Sharp.
16:55 of 3rd period - Stopped by Jonathan Quick without a rebound.
16:56 of 3rd period - Tyler Bozak wins face-off versus David Backes in Stars zone.
16:57 of 3rd period - Shot by Shane Doan.
16:57 of 3rd period - Stopped by Jonathan Quick without a rebound.
16:58 of 3rd period - Tyler Bozak wins face-off versus David Backes in Stars zone.
17:17 of 3rd period - Shot by Shane Doan.
17:17 of 3rd period - Shot Misses the Net.
17:21 of 3rd period - Shot by Patrick Sharp.
17:21 of 3rd period - Shot Blocked by Kris Letang.
18:17 of 3rd period - Shot by Colin Wilson.
18:17 of 3rd period - Shot Misses the Net.
18:19 of 3rd period - Shot by Shawn Horcoff.
18:19 of 3rd period - Stopped by Jonathan Quick without a rebound.
18:20 of 3rd period - Sidney Crosby wins face-off versus Nate Thompson in Stars zone.
19:03 of 3rd period - Stars, Jonathan Quick is pulled from the net.
19:33 of 3rd period - Icing by Duncan Keith.
19:34 of 3rd period - Jonathan Quick from Stars was sent back in the game.
19:34 of 3rd period - Sidney Crosby wins face-off versus Nate Thompson in Stars zone.
19:49 of 3rd period - Stars, Jonathan Quick is pulled from the net.
Goals for this period are 0 for Stars vs 2 for Islanders.
Shots for this period are 12 for Stars vs 10 for Islanders.